Workbook

Sheet How to use
A1: Investment tracking template — Davinchu (davinchu.com). All amounts are in one portfolio currency.
A2: 1. «Cash»: every deposit and withdrawal, dividends, coupons, taxes and broker fees. Rows go one after another in date order: the first row must be the earliest (XIRR requires it).
A3: 2. «Trades»: buys and sells — date, ticker, quantity, price and fee. «Cash, ±» and «Purchase cost» are calculated.
A4: 3. «Positions»: enter tickers, the current price and, if you want, a target weight — quantity, average price, value, P&L and the amount to target are calculated.
A5: 4. «Summary»: portfolio value, cash, net invested, profit and the annual return XIRR.
A6: The average price is over all buys of the ticker; after partial sells your broker may calculate it differently. XIRR accounts for when money went in and out; return without the effect of deposits (TWR) needs the portfolio value on the date of every deposit — the template does not calculate it.
A7: Delete the rows marked «Example» and enter your own. Grey columns are formulas — do not edit them.
A8: In Davinchu a portfolio from Interactive Brokers, T-Bank and crypto exchanges builds itself: TWR and XIRR, drawdown and a rebalancing plan.

Sheet Trades
A1: Date | B1: Type | C1: Ticker | D1: Quantity | E1: Price | F1: Fee | G1: Cash, ± | H1: Purchase cost | I1: Comment
A2: 46035 | B2: Buy | C2: VOO | D2: 10 | E2: 540 | F2: 1 | G2: =IF(B2="Buy",-(D2*E2+F2),IF(B2="Sell",D2*E2-F2,"")) | H2: =IF(B2="Buy",D2*E2+F2,"") | I2: Example — replace with your trades
A3: 46035 | B3: Buy | C3: BND | D3: 40 | E3: 72 | F3: 1 | G3: =IF(B3="Buy",-(D3*E3+F3),IF(B3="Sell",D3*E3-F3,"")) | H3: =IF(B3="Buy",D3*E3+F3,"")
A4: 46084 | B4: Buy | C4: AAPL | D4: 12 | E4: 230 | F4: 1 | G4: =IF(B4="Buy",-(D4*E4+F4),IF(B4="Sell",D4*E4-F4,"")) | H4: =IF(B4="Buy",D4*E4+F4,"")
A5: 46183 | B5: Sell | C5: VOO | D5: 2 | E5: 580 | F5: 1 | G5: =IF(B5="Buy",-(D5*E5+F5),IF(B5="Sell",D5*E5-F5,"")) | H5: =IF(B5="Buy",D5*E5+F5,"")
G6: =IF(B6="Buy",-(D6*E6+F6),IF(B6="Sell",D6*E6-F6,"")) | H6: =IF(B6="Buy",D6*E6+F6,"")
G7: =IF(B7="Buy",-(D7*E7+F7),IF(B7="Sell",D7*E7-F7,"")) | H7: =IF(B7="Buy",D7*E7+F7,"")
G8: =IF(B8="Buy",-(D8*E8+F8),IF(B8="Sell",D8*E8-F8,"")) | H8: =IF(B8="Buy",D8*E8+F8,"")
G9: =IF(B9="Buy",-(D9*E9+F9),IF(B9="Sell",D9*E9-F9,"")) | H9: =IF(B9="Buy",D9*E9+F9,"")
G10: =IF(B10="Buy",-(D10*E10+F10),IF(B10="Sell",D10*E10-F10,"")) | H10: =IF(B10="Buy",D10*E10+F10,"")
G11: =IF(B11="Buy",-(D11*E11+F11),IF(B11="Sell",D11*E11-F11,"")) | H11: =IF(B11="Buy",D11*E11+F11,"")
G12: =IF(B12="Buy",-(D12*E12+F12),IF(B12="Sell",D12*E12-F12,"")) | H12: =IF(B12="Buy",D12*E12+F12,"")
G13: =IF(B13="Buy",-(D13*E13+F13),IF(B13="Sell",D13*E13-F13,"")) | H13: =IF(B13="Buy",D13*E13+F13,"")
G14: =IF(B14="Buy",-(D14*E14+F14),IF(B14="Sell",D14*E14-F14,"")) | H14: =IF(B14="Buy",D14*E14+F14,"")
G15: =IF(B15="Buy",-(D15*E15+F15),IF(B15="Sell",D15*E15-F15,"")) | H15: =IF(B15="Buy",D15*E15+F15,"")
G16: =IF(B16="Buy",-(D16*E16+F16),IF(B16="Sell",D16*E16-F16,"")) | H16: =IF(B16="Buy",D16*E16+F16,"")
G17: =IF(B17="Buy",-(D17*E17+F17),IF(B17="Sell",D17*E17-F17,"")) | H17: =IF(B17="Buy",D17*E17+F17,"")
... G501: =IF(B501="Buy",-(D501*E501+F501),IF(B501="Sell",D501*E501-F501,"")) | H501: =IF(B501="Buy",D501*E501+F501,"")

Sheet Cash
A1: Date | B1: Type | C1: Amount | D1: Comment | E1: Cash, ± | F1: XIRR flow | G1: XIRR date
A2: 46034 | B2: Deposit | C2: 10000 | D2: Example — replace with yours | E2: =IF(OR(B2="Deposit",B2="Dividend",B2="Coupon"),C2,IF(OR(B2="Withdrawal",B2="Tax",B2="Fee"),-C2,"")) | F2: =IF(A2<>"",IF(B2="Deposit",-C2,IF(B2="Withdrawal",C2,0)),IF(A1<>"",'Summary'!$B$4,"")) | G2: =IF(A2<>"",A2,IF(A1<>"",TODAY(),""))
A3: 46083 | B3: Deposit | C3: 3000 | E3: =IF(OR(B3="Deposit",B3="Dividend",B3="Coupon"),C3,IF(OR(B3="Withdrawal",B3="Tax",B3="Fee"),-C3,"")) | F3: =IF(A3<>"",IF(B3="Deposit",-C3,IF(B3="Withdrawal",C3,0)),IF(A2<>"",'Summary'!$B$4,"")) | G3: =IF(A3<>"",A3,IF(A2<>"",TODAY(),""))
A4: 46162 | B4: Dividend | C4: 24 | D4: AAPL | E4: =IF(OR(B4="Deposit",B4="Dividend",B4="Coupon"),C4,IF(OR(B4="Withdrawal",B4="Tax",B4="Fee"),-C4,"")) | F4: =IF(A4<>"",IF(B4="Deposit",-C4,IF(B4="Withdrawal",C4,0)),IF(A3<>"",'Summary'!$B$4,"")) | G4: =IF(A4<>"",A4,IF(A3<>"",TODAY(),""))
A5: 46204 | B5: Withdrawal | C5: 1500 | E5: =IF(OR(B5="Deposit",B5="Dividend",B5="Coupon"),C5,IF(OR(B5="Withdrawal",B5="Tax",B5="Fee"),-C5,"")) | F5: =IF(A5<>"",IF(B5="Deposit",-C5,IF(B5="Withdrawal",C5,0)),IF(A4<>"",'Summary'!$B$4,"")) | G5: =IF(A5<>"",A5,IF(A4<>"",TODAY(),""))
E6: =IF(OR(B6="Deposit",B6="Dividend",B6="Coupon"),C6,IF(OR(B6="Withdrawal",B6="Tax",B6="Fee"),-C6,"")) | F6: =IF(A6<>"",IF(B6="Deposit",-C6,IF(B6="Withdrawal",C6,0)),IF(A5<>"",'Summary'!$B$4,"")) | G6: =IF(A6<>"",A6,IF(A5<>"",TODAY(),""))
E7: =IF(OR(B7="Deposit",B7="Dividend",B7="Coupon"),C7,IF(OR(B7="Withdrawal",B7="Tax",B7="Fee"),-C7,"")) | F7: =IF(A7<>"",IF(B7="Deposit",-C7,IF(B7="Withdrawal",C7,0)),IF(A6<>"",'Summary'!$B$4,"")) | G7: =IF(A7<>"",A7,IF(A6<>"",TODAY(),""))
E8: =IF(OR(B8="Deposit",B8="Dividend",B8="Coupon"),C8,IF(OR(B8="Withdrawal",B8="Tax",B8="Fee"),-C8,"")) | F8: =IF(A8<>"",IF(B8="Deposit",-C8,IF(B8="Withdrawal",C8,0)),IF(A7<>"",'Summary'!$B$4,"")) | G8: =IF(A8<>"",A8,IF(A7<>"",TODAY(),""))
E9: =IF(OR(B9="Deposit",B9="Dividend",B9="Coupon"),C9,IF(OR(B9="Withdrawal",B9="Tax",B9="Fee"),-C9,"")) | F9: =IF(A9<>"",IF(B9="Deposit",-C9,IF(B9="Withdrawal",C9,0)),IF(A8<>"",'Summary'!$B$4,"")) | G9: =IF(A9<>"",A9,IF(A8<>"",TODAY(),""))
E10: =IF(OR(B10="Deposit",B10="Dividend",B10="Coupon"),C10,IF(OR(B10="Withdrawal",B10="Tax",B10="Fee"),-C10,"")) | F10: =IF(A10<>"",IF(B10="Deposit",-C10,IF(B10="Withdrawal",C10,0)),IF(A9<>"",'Summary'!$B$4,"")) | G10: =IF(A10<>"",A10,IF(A9<>"",TODAY(),""))
E11: =IF(OR(B11="Deposit",B11="Dividend",B11="Coupon"),C11,IF(OR(B11="Withdrawal",B11="Tax",B11="Fee"),-C11,"")) | F11: =IF(A11<>"",IF(B11="Deposit",-C11,IF(B11="Withdrawal",C11,0)),IF(A10<>"",'Summary'!$B$4,"")) | G11: =IF(A11<>"",A11,IF(A10<>"",TODAY(),""))
E12: =IF(OR(B12="Deposit",B12="Dividend",B12="Coupon"),C12,IF(OR(B12="Withdrawal",B12="Tax",B12="Fee"),-C12,"")) | F12: =IF(A12<>"",IF(B12="Deposit",-C12,IF(B12="Withdrawal",C12,0)),IF(A11<>"",'Summary'!$B$4,"")) | G12: =IF(A12<>"",A12,IF(A11<>"",TODAY(),""))
E13: =IF(OR(B13="Deposit",B13="Dividend",B13="Coupon"),C13,IF(OR(B13="Withdrawal",B13="Tax",B13="Fee"),-C13,"")) | F13: =IF(A13<>"",IF(B13="Deposit",-C13,IF(B13="Withdrawal",C13,0)),IF(A12<>"",'Summary'!$B$4,"")) | G13: =IF(A13<>"",A13,IF(A12<>"",TODAY(),""))
E14: =IF(OR(B14="Deposit",B14="Dividend",B14="Coupon"),C14,IF(OR(B14="Withdrawal",B14="Tax",B14="Fee"),-C14,"")) | F14: =IF(A14<>"",IF(B14="Deposit",-C14,IF(B14="Withdrawal",C14,0)),IF(A13<>"",'Summary'!$B$4,"")) | G14: =IF(A14<>"",A14,IF(A13<>"",TODAY(),""))
E15: =IF(OR(B15="Deposit",B15="Dividend",B15="Coupon"),C15,IF(OR(B15="Withdrawal",B15="Tax",B15="Fee"),-C15,"")) | F15: =IF(A15<>"",IF(B15="Deposit",-C15,IF(B15="Withdrawal",C15,0)),IF(A14<>"",'Summary'!$B$4,"")) | G15: =IF(A15<>"",A15,IF(A14<>"",TODAY(),""))
E16: =IF(OR(B16="Deposit",B16="Dividend",B16="Coupon"),C16,IF(OR(B16="Withdrawal",B16="Tax",B16="Fee"),-C16,"")) | F16: =IF(A16<>"",IF(B16="Deposit",-C16,IF(B16="Withdrawal",C16,0)),IF(A15<>"",'Summary'!$B$4,"")) | G16: =IF(A16<>"",A16,IF(A15<>"",TODAY(),""))
E17: =IF(OR(B17="Deposit",B17="Dividend",B17="Coupon"),C17,IF(OR(B17="Withdrawal",B17="Tax",B17="Fee"),-C17,"")) | F17: =IF(A17<>"",IF(B17="Deposit",-C17,IF(B17="Withdrawal",C17,0)),IF(A16<>"",'Summary'!$B$4,"")) | G17: =IF(A17<>"",A17,IF(A16<>"",TODAY(),""))
... E501: =IF(OR(B501="Deposit",B501="Dividend",B501="Coupon"),C501,IF(OR(B501="Withdrawal",B501="Tax",B501="Fee"),-C501,"")) | F501: =IF(A501<>"",IF(B501="Deposit",-C501,IF(B501="Withdrawal",C501,0)),IF(A500<>"",'Summary'!$B$4,"")) | G501: =IF(A501<>"",A501,IF(A500<>"",TODAY(),""))

Sheet Positions
A1: Ticker | B1: Quantity | C1: Average buy price | D1: Invested | E1: Current price | F1: Value | G1: P&L | H1: P&L, % | I1: Weight | J1: Target weight | K1: Deviation, pp | L1: To target: buy + / sell −
A2: VOO | B2: =IF(A2="","",SUMIFS('Trades'!$D$2:$D$501,'Trades'!$C$2:$C$501,A2,'Trades'!$B$2:$B$501,"Buy")-SUMIFS('Trades'!$D$2:$D$501,'Trades'!$C$2:$C$501,A2,'Trades'!$B$2:$B$501,"Sell")) | C2: =IF(A2="","",IFERROR(SUMPRODUCT(('Trades'!$C$2:$C$501=A2)*('Trades'!$B$2:$B$501="Buy")*('Trades'!$D$2:$D$501*'Trades'!$E$2:$E$501+'Trades'!$F$2:$F$501))/SUMIFS('Trades'!$D$2:$D$501,'Trades'!$C$2:$C$501,A2,'Trades'!$B$2:$B$501,"Buy"),"")) | D2: =IF(OR(A2="",C2=""),"",B2*C2) | E2: 600 | F2: =IF(OR(A2="",E2=""),"",B2*E2) | G2: =IF(OR(D2="",F2=""),"",F2-D2) | H2: =IF(OR(G2="",D2=0),"",G2/D2) | I2: =IF(OR(F2="",'Summary'!$B$4=0),"",F2/'Summary'!$B$4) | J2: 0.55 | K2: =IF(OR(I2="",J2=""),"",(I2-J2)*100) | L2: =IF(OR(A2="",J2=""),"",J2*'Summary'!$B$4-IF(F2="",0,F2))
A3: BND | B3: =IF(A3="","",SUMIFS('Trades'!$D$2:$D$501,'Trades'!$C$2:$C$501,A3,'Trades'!$B$2:$B$501,"Buy")-SUMIFS('Trades'!$D$2:$D$501,'Trades'!$C$2:$C$501,A3,'Trades'!$B$2:$B$501,"Sell")) | C3: =IF(A3="","",IFERROR(SUMPRODUCT(('Trades'!$C$2:$C$501=A3)*('Trades'!$B$2:$B$501="Buy")*('Trades'!$D$2:$D$501*'Trades'!$E$2:$E$501+'Trades'!$F$2:$F$501))/SUMIFS('Trades'!$D$2:$D$501,'Trades'!$C$2:$C$501,A3,'Trades'!$B$2:$B$501,"Buy"),"")) | D3: =IF(OR(A3="",C3=""),"",B3*C3) | E3: 73 | F3: =IF(OR(A3="",E3=""),"",B3*E3) | G3: =IF(OR(D3="",F3=""),"",F3-D3) | H3: =IF(OR(G3="",D3=0),"",G3/D3) | I3: =IF(OR(F3="",'Summary'!$B$4=0),"",F3/'Summary'!$B$4) | J3: 0.25 | K3: =IF(OR(I3="",J3=""),"",(I3-J3)*100) | L3: =IF(OR(A3="",J3=""),"",J3*'Summary'!$B$4-IF(F3="",0,F3))
A4: AAPL | B4: =IF(A4="","",SUMIFS('Trades'!$D$2:$D$501,'Trades'!$C$2:$C$501,A4,'Trades'!$B$2:$B$501,"Buy")-SUMIFS('Trades'!$D$2:$D$501,'Trades'!$C$2:$C$501,A4,'Trades'!$B$2:$B$501,"Sell")) | C4: =IF(A4="","",IFERROR(SUMPRODUCT(('Trades'!$C$2:$C$501=A4)*('Trades'!$B$2:$B$501="Buy")*('Trades'!$D$2:$D$501*'Trades'!$E$2:$E$501+'Trades'!$F$2:$F$501))/SUMIFS('Trades'!$D$2:$D$501,'Trades'!$C$2:$C$501,A4,'Trades'!$B$2:$B$501,"Buy"),"")) | D4: =IF(OR(A4="",C4=""),"",B4*C4) | E4: 245 | F4: =IF(OR(A4="",E4=""),"",B4*E4) | G4: =IF(OR(D4="",F4=""),"",F4-D4) | H4: =IF(OR(G4="",D4=0),"",G4/D4) | I4: =IF(OR(F4="",'Summary'!$B$4=0),"",F4/'Summary'!$B$4) | J4: 0.2 | K4: =IF(OR(I4="",J4=""),"",(I4-J4)*100) | L4: =IF(OR(A4="",J4=""),"",J4*'Summary'!$B$4-IF(F4="",0,F4))
B5: =IF(A5="","",SUMIFS('Trades'!$D$2:$D$501,'Trades'!$C$2:$C$501,A5,'Trades'!$B$2:$B$501,"Buy")-SUMIFS('Trades'!$D$2:$D$501,'Trades'!$C$2:$C$501,A5,'Trades'!$B$2:$B$501,"Sell")) | C5: =IF(A5="","",IFERROR(SUMPRODUCT(('Trades'!$C$2:$C$501=A5)*('Trades'!$B$2:$B$501="Buy")*('Trades'!$D$2:$D$501*'Trades'!$E$2:$E$501+'Trades'!$F$2:$F$501))/SUMIFS('Trades'!$D$2:$D$501,'Trades'!$C$2:$C$501,A5,'Trades'!$B$2:$B$501,"Buy"),"")) | D5: =IF(OR(A5="",C5=""),"",B5*C5) | F5: =IF(OR(A5="",E5=""),"",B5*E5) | G5: =IF(OR(D5="",F5=""),"",F5-D5) | H5: =IF(OR(G5="",D5=0),"",G5/D5) | I5: =IF(OR(F5="",'Summary'!$B$4=0),"",F5/'Summary'!$B$4) | K5: =IF(OR(I5="",J5=""),"",(I5-J5)*100) | L5: =IF(OR(A5="",J5=""),"",J5*'Summary'!$B$4-IF(F5="",0,F5))
B6: =IF(A6="","",SUMIFS('Trades'!$D$2:$D$501,'Trades'!$C$2:$C$501,A6,'Trades'!$B$2:$B$501,"Buy")-SUMIFS('Trades'!$D$2:$D$501,'Trades'!$C$2:$C$501,A6,'Trades'!$B$2:$B$501,"Sell")) | C6: =IF(A6="","",IFERROR(SUMPRODUCT(('Trades'!$C$2:$C$501=A6)*('Trades'!$B$2:$B$501="Buy")*('Trades'!$D$2:$D$501*'Trades'!$E$2:$E$501+'Trades'!$F$2:$F$501))/SUMIFS('Trades'!$D$2:$D$501,'Trades'!$C$2:$C$501,A6,'Trades'!$B$2:$B$501,"Buy"),"")) | D6: =IF(OR(A6="",C6=""),"",B6*C6) | F6: =IF(OR(A6="",E6=""),"",B6*E6) | G6: =IF(OR(D6="",F6=""),"",F6-D6) | H6: =IF(OR(G6="",D6=0),"",G6/D6) | I6: =IF(OR(F6="",'Summary'!$B$4=0),"",F6/'Summary'!$B$4) | K6: =IF(OR(I6="",J6=""),"",(I6-J6)*100) | L6: =IF(OR(A6="",J6=""),"",J6*'Summary'!$B$4-IF(F6="",0,F6))
B7: =IF(A7="","",SUMIFS('Trades'!$D$2:$D$501,'Trades'!$C$2:$C$501,A7,'Trades'!$B$2:$B$501,"Buy")-SUMIFS('Trades'!$D$2:$D$501,'Trades'!$C$2:$C$501,A7,'Trades'!$B$2:$B$501,"Sell")) | C7: =IF(A7="","",IFERROR(SUMPRODUCT(('Trades'!$C$2:$C$501=A7)*('Trades'!$B$2:$B$501="Buy")*('Trades'!$D$2:$D$501*'Trades'!$E$2:$E$501+'Trades'!$F$2:$F$501))/SUMIFS('Trades'!$D$2:$D$501,'Trades'!$C$2:$C$501,A7,'Trades'!$B$2:$B$501,"Buy"),"")) | D7: =IF(OR(A7="",C7=""),"",B7*C7) | F7: =IF(OR(A7="",E7=""),"",B7*E7) | G7: =IF(OR(D7="",F7=""),"",F7-D7) | H7: =IF(OR(G7="",D7=0),"",G7/D7) | I7: =IF(OR(F7="",'Summary'!$B$4=0),"",F7/'Summary'!$B$4) | K7: =IF(OR(I7="",J7=""),"",(I7-J7)*100) | L7: =IF(OR(A7="",J7=""),"",J7*'Summary'!$B$4-IF(F7="",0,F7))
B8: =IF(A8="","",SUMIFS('Trades'!$D$2:$D$501,'Trades'!$C$2:$C$501,A8,'Trades'!$B$2:$B$501,"Buy")-SUMIFS('Trades'!$D$2:$D$501,'Trades'!$C$2:$C$501,A8,'Trades'!$B$2:$B$501,"Sell")) | C8: =IF(A8="","",IFERROR(SUMPRODUCT(('Trades'!$C$2:$C$501=A8)*('Trades'!$B$2:$B$501="Buy")*('Trades'!$D$2:$D$501*'Trades'!$E$2:$E$501+'Trades'!$F$2:$F$501))/SUMIFS('Trades'!$D$2:$D$501,'Trades'!$C$2:$C$501,A8,'Trades'!$B$2:$B$501,"Buy"),"")) | D8: =IF(OR(A8="",C8=""),"",B8*C8) | F8: =IF(OR(A8="",E8=""),"",B8*E8) | G8: =IF(OR(D8="",F8=""),"",F8-D8) | H8: =IF(OR(G8="",D8=0),"",G8/D8) | I8: =IF(OR(F8="",'Summary'!$B$4=0),"",F8/'Summary'!$B$4) | K8: =IF(OR(I8="",J8=""),"",(I8-J8)*100) | L8: =IF(OR(A8="",J8=""),"",J8*'Summary'!$B$4-IF(F8="",0,F8))
B9: =IF(A9="","",SUMIFS('Trades'!$D$2:$D$501,'Trades'!$C$2:$C$501,A9,'Trades'!$B$2:$B$501,"Buy")-SUMIFS('Trades'!$D$2:$D$501,'Trades'!$C$2:$C$501,A9,'Trades'!$B$2:$B$501,"Sell")) | C9: =IF(A9="","",IFERROR(SUMPRODUCT(('Trades'!$C$2:$C$501=A9)*('Trades'!$B$2:$B$501="Buy")*('Trades'!$D$2:$D$501*'Trades'!$E$2:$E$501+'Trades'!$F$2:$F$501))/SUMIFS('Trades'!$D$2:$D$501,'Trades'!$C$2:$C$501,A9,'Trades'!$B$2:$B$501,"Buy"),"")) | D9: =IF(OR(A9="",C9=""),"",B9*C9) | F9: =IF(OR(A9="",E9=""),"",B9*E9) | G9: =IF(OR(D9="",F9=""),"",F9-D9) | H9: =IF(OR(G9="",D9=0),"",G9/D9) | I9: =IF(OR(F9="",'Summary'!$B$4=0),"",F9/'Summary'!$B$4) | K9: =IF(OR(I9="",J9=""),"",(I9-J9)*100) | L9: =IF(OR(A9="",J9=""),"",J9*'Summary'!$B$4-IF(F9="",0,F9))
B10: =IF(A10="","",SUMIFS('Trades'!$D$2:$D$501,'Trades'!$C$2:$C$501,A10,'Trades'!$B$2:$B$501,"Buy")-SUMIFS('Trades'!$D$2:$D$501,'Trades'!$C$2:$C$501,A10,'Trades'!$B$2:$B$501,"Sell")) | C10: =IF(A10="","",IFERROR(SUMPRODUCT(('Trades'!$C$2:$C$501=A10)*('Trades'!$B$2:$B$501="Buy")*('Trades'!$D$2:$D$501*'Trades'!$E$2:$E$501+'Trades'!$F$2:$F$501))/SUMIFS('Trades'!$D$2:$D$501,'Trades'!$C$2:$C$501,A10,'Trades'!$B$2:$B$501,"Buy"),"")) | D10: =IF(OR(A10="",C10=""),"",B10*C10) | F10: =IF(OR(A10="",E10=""),"",B10*E10) | G10: =IF(OR(D10="",F10=""),"",F10-D10) | H10: =IF(OR(G10="",D10=0),"",G10/D10) | I10: =IF(OR(F10="",'Summary'!$B$4=0),"",F10/'Summary'!$B$4) | K10: =IF(OR(I10="",J10=""),"",(I10-J10)*100) | L10: =IF(OR(A10="",J10=""),"",J10*'Summary'!$B$4-IF(F10="",0,F10))
B11: =IF(A11="","",SUMIFS('Trades'!$D$2:$D$501,'Trades'!$C$2:$C$501,A11,'Trades'!$B$2:$B$501,"Buy")-SUMIFS('Trades'!$D$2:$D$501,'Trades'!$C$2:$C$501,A11,'Trades'!$B$2:$B$501,"Sell")) | C11: =IF(A11="","",IFERROR(SUMPRODUCT(('Trades'!$C$2:$C$501=A11)*('Trades'!$B$2:$B$501="Buy")*('Trades'!$D$2:$D$501*'Trades'!$E$2:$E$501+'Trades'!$F$2:$F$501))/SUMIFS('Trades'!$D$2:$D$501,'Trades'!$C$2:$C$501,A11,'Trades'!$B$2:$B$501,"Buy"),"")) | D11: =IF(OR(A11="",C11=""),"",B11*C11) | F11: =IF(OR(A11="",E11=""),"",B11*E11) | G11: =IF(OR(D11="",F11=""),"",F11-D11) | H11: =IF(OR(G11="",D11=0),"",G11/D11) | I11: =IF(OR(F11="",'Summary'!$B$4=0),"",F11/'Summary'!$B$4) | K11: =IF(OR(I11="",J11=""),"",(I11-J11)*100) | L11: =IF(OR(A11="",J11=""),"",J11*'Summary'!$B$4-IF(F11="",0,F11))
B12: =IF(A12="","",SUMIFS('Trades'!$D$2:$D$501,'Trades'!$C$2:$C$501,A12,'Trades'!$B$2:$B$501,"Buy")-SUMIFS('Trades'!$D$2:$D$501,'Trades'!$C$2:$C$501,A12,'Trades'!$B$2:$B$501,"Sell")) | C12: =IF(A12="","",IFERROR(SUMPRODUCT(('Trades'!$C$2:$C$501=A12)*('Trades'!$B$2:$B$501="Buy")*('Trades'!$D$2:$D$501*'Trades'!$E$2:$E$501+'Trades'!$F$2:$F$501))/SUMIFS('Trades'!$D$2:$D$501,'Trades'!$C$2:$C$501,A12,'Trades'!$B$2:$B$501,"Buy"),"")) | D12: =IF(OR(A12="",C12=""),"",B12*C12) | F12: =IF(OR(A12="",E12=""),"",B12*E12) | G12: =IF(OR(D12="",F12=""),"",F12-D12) | H12: =IF(OR(G12="",D12=0),"",G12/D12) | I12: =IF(OR(F12="",'Summary'!$B$4=0),"",F12/'Summary'!$B$4) | K12: =IF(OR(I12="",J12=""),"",(I12-J12)*100) | L12: =IF(OR(A12="",J12=""),"",J12*'Summary'!$B$4-IF(F12="",0,F12))
B13: =IF(A13="","",SUMIFS('Trades'!$D$2:$D$501,'Trades'!$C$2:$C$501,A13,'Trades'!$B$2:$B$501,"Buy")-SUMIFS('Trades'!$D$2:$D$501,'Trades'!$C$2:$C$501,A13,'Trades'!$B$2:$B$501,"Sell")) | C13: =IF(A13="","",IFERROR(SUMPRODUCT(('Trades'!$C$2:$C$501=A13)*('Trades'!$B$2:$B$501="Buy")*('Trades'!$D$2:$D$501*'Trades'!$E$2:$E$501+'Trades'!$F$2:$F$501))/SUMIFS('Trades'!$D$2:$D$501,'Trades'!$C$2:$C$501,A13,'Trades'!$B$2:$B$501,"Buy"),"")) | D13: =IF(OR(A13="",C13=""),"",B13*C13) | F13: =IF(OR(A13="",E13=""),"",B13*E13) | G13: =IF(OR(D13="",F13=""),"",F13-D13) | H13: =IF(OR(G13="",D13=0),"",G13/D13) | I13: =IF(OR(F13="",'Summary'!$B$4=0),"",F13/'Summary'!$B$4) | K13: =IF(OR(I13="",J13=""),"",(I13-J13)*100) | L13: =IF(OR(A13="",J13=""),"",J13*'Summary'!$B$4-IF(F13="",0,F13))
B14: =IF(A14="","",SUMIFS('Trades'!$D$2:$D$501,'Trades'!$C$2:$C$501,A14,'Trades'!$B$2:$B$501,"Buy")-SUMIFS('Trades'!$D$2:$D$501,'Trades'!$C$2:$C$501,A14,'Trades'!$B$2:$B$501,"Sell")) | C14: =IF(A14="","",IFERROR(SUMPRODUCT(('Trades'!$C$2:$C$501=A14)*('Trades'!$B$2:$B$501="Buy")*('Trades'!$D$2:$D$501*'Trades'!$E$2:$E$501+'Trades'!$F$2:$F$501))/SUMIFS('Trades'!$D$2:$D$501,'Trades'!$C$2:$C$501,A14,'Trades'!$B$2:$B$501,"Buy"),"")) | D14: =IF(OR(A14="",C14=""),"",B14*C14) | F14: =IF(OR(A14="",E14=""),"",B14*E14) | G14: =IF(OR(D14="",F14=""),"",F14-D14) | H14: =IF(OR(G14="",D14=0),"",G14/D14) | I14: =IF(OR(F14="",'Summary'!$B$4=0),"",F14/'Summary'!$B$4) | K14: =IF(OR(I14="",J14=""),"",(I14-J14)*100) | L14: =IF(OR(A14="",J14=""),"",J14*'Summary'!$B$4-IF(F14="",0,F14))
B15: =IF(A15="","",SUMIFS('Trades'!$D$2:$D$501,'Trades'!$C$2:$C$501,A15,'Trades'!$B$2:$B$501,"Buy")-SUMIFS('Trades'!$D$2:$D$501,'Trades'!$C$2:$C$501,A15,'Trades'!$B$2:$B$501,"Sell")) | C15: =IF(A15="","",IFERROR(SUMPRODUCT(('Trades'!$C$2:$C$501=A15)*('Trades'!$B$2:$B$501="Buy")*('Trades'!$D$2:$D$501*'Trades'!$E$2:$E$501+'Trades'!$F$2:$F$501))/SUMIFS('Trades'!$D$2:$D$501,'Trades'!$C$2:$C$501,A15,'Trades'!$B$2:$B$501,"Buy"),"")) | D15: =IF(OR(A15="",C15=""),"",B15*C15) | F15: =IF(OR(A15="",E15=""),"",B15*E15) | G15: =IF(OR(D15="",F15=""),"",F15-D15) | H15: =IF(OR(G15="",D15=0),"",G15/D15) | I15: =IF(OR(F15="",'Summary'!$B$4=0),"",F15/'Summary'!$B$4) | K15: =IF(OR(I15="",J15=""),"",(I15-J15)*100) | L15: =IF(OR(A15="",J15=""),"",J15*'Summary'!$B$4-IF(F15="",0,F15))
B16: =IF(A16="","",SUMIFS('Trades'!$D$2:$D$501,'Trades'!$C$2:$C$501,A16,'Trades'!$B$2:$B$501,"Buy")-SUMIFS('Trades'!$D$2:$D$501,'Trades'!$C$2:$C$501,A16,'Trades'!$B$2:$B$501,"Sell")) | C16: =IF(A16="","",IFERROR(SUMPRODUCT(('Trades'!$C$2:$C$501=A16)*('Trades'!$B$2:$B$501="Buy")*('Trades'!$D$2:$D$501*'Trades'!$E$2:$E$501+'Trades'!$F$2:$F$501))/SUMIFS('Trades'!$D$2:$D$501,'Trades'!$C$2:$C$501,A16,'Trades'!$B$2:$B$501,"Buy"),"")) | D16: =IF(OR(A16="",C16=""),"",B16*C16) | F16: =IF(OR(A16="",E16=""),"",B16*E16) | G16: =IF(OR(D16="",F16=""),"",F16-D16) | H16: =IF(OR(G16="",D16=0),"",G16/D16) | I16: =IF(OR(F16="",'Summary'!$B$4=0),"",F16/'Summary'!$B$4) | K16: =IF(OR(I16="",J16=""),"",(I16-J16)*100) | L16: =IF(OR(A16="",J16=""),"",J16*'Summary'!$B$4-IF(F16="",0,F16))
... B61: =IF(A61="","",SUMIFS('Trades'!$D$2:$D$501,'Trades'!$C$2:$C$501,A61,'Trades'!$B$2:$B$501,"Buy")-SUMIFS('Trades'!$D$2:$D$501,'Trades'!$C$2:$C$501,A61,'Trades'!$B$2:$B$501,"Sell")) | C61: =IF(A61="","",IFERROR(SUMPRODUCT(('Trades'!$C$2:$C$501=A61)*('Trades'!$B$2:$B$501="Buy")*('Trades'!$D$2:$D$501*'Trades'!$E$2:$E$501+'Trades'!$F$2:$F$501))/SUMIFS('Trades'!$D$2:$D$501,'Trades'!$C$2:$C$501,A61,'Trades'!$B$2:$B$501,"Buy"),"")) | D61: =IF(OR(A61="",C61=""),"",B61*C61) | F61: =IF(OR(A61="",E61=""),"",B61*E61) | G61: =IF(OR(D61="",F61=""),"",F61-D61) | H61: =IF(OR(G61="",D61=0),"",G61/D61) | I61: =IF(OR(F61="",'Summary'!$B$4=0),"",F61/'Summary'!$B$4) | K61: =IF(OR(I61="",J61=""),"",(I61-J61)*100) | L61: =IF(OR(A61="",J61=""),"",J61*'Summary'!$B$4-IF(F61="",0,F61))

Sheet Summary
A1: Summary
A2: Securities, value | B2: =SUM('Positions'!$F$2:$F$61)
A3: Cash in the account | B3: =SUMIFS('Cash'!$C$2:$C$501,'Cash'!$B$2:$B$501,"Deposit")-SUMIFS('Cash'!$C$2:$C$501,'Cash'!$B$2:$B$501,"Withdrawal")+SUMIFS('Cash'!$C$2:$C$501,'Cash'!$B$2:$B$501,"Dividend")+SUMIFS('Cash'!$C$2:$C$501,'Cash'!$B$2:$B$501,"Coupon")-SUMIFS('Cash'!$C$2:$C$501,'Cash'!$B$2:$B$501,"Tax")-SUMIFS('Cash'!$C$2:$C$501,'Cash'!$B$2:$B$501,"Fee")+SUMPRODUCT(('Trades'!$B$2:$B$501="Sell")*('Trades'!$D$2:$D$501*'Trades'!$E$2:$E$501-'Trades'!$F$2:$F$501))-SUMPRODUCT(('Trades'!$B$2:$B$501="Buy")*('Trades'!$D$2:$D$501*'Trades'!$E$2:$E$501+'Trades'!$F$2:$F$501))
A4: Portfolio total | B4: =B2+B3
A5: Deposited | B5: =SUMIFS('Cash'!$C$2:$C$501,'Cash'!$B$2:$B$501,"Deposit")
A6: Withdrawn | B6: =SUMIFS('Cash'!$C$2:$C$501,'Cash'!$B$2:$B$501,"Withdrawal")
A7: Net invested | B7: =B5-B6
A8: Profit | B8: =B4-B7
A9: Profit to net invested, % | B9: =IF(B7=0,"",B8/B7)
A10: Annual return (XIRR) | B10: =IFERROR(XIRR(OFFSET('Cash'!$F$2,0,0,COUNT('Cash'!$A$2:$A$501)+1),OFFSET('Cash'!$G$2,0,0,COUNT('Cash'!$A$2:$A$501)+1)),"—")
A11: Dividends and coupons total | B11: =SUMIFS('Cash'!$C$2:$C$501,'Cash'!$B$2:$B$501,"Dividend")+SUMIFS('Cash'!$C$2:$C$501,'Cash'!$B$2:$B$501,"Coupon")

Sheet Lists
A1: Buy | B1: Deposit
A2: Sell | B2: Withdrawal
B3: Dividend
B4: Coupon
B5: Tax
B6: Fee
